 Dungeon Crawl Stone Soup version 0.24-a0-549-g45f0056d81 (webtiles) character file.

Game seed: 2955111392628053882

21932 DasRunzen the Fighter (level 12, -1/112 HPs)
             Began as a Minotaur Fighter on Aug 19, 2019.
             Was the Champion of Okawaru.
             Killed by divine providence
             ... invoked by a smoke demon
              (17 damage)
             ... in a volcano.
             The game lasted 00:28:54 (12351 turns).

DasRunzen the Fighter (Minotaur Fighter)           Turns: 12351, Time: 00:28:54

Health: -1/112     AC: 23    Str: 22    XL:     12   Next: 58%
Magic:  16/16      EV:  9    Int:  4    God:    Okawaru [******]
Gold:   783        SH: 13    Dex: 16    Spells: 11/11 levels left

rFire    . . .     SeeInvis +   a - +3 war axe
rCold    . . .     Gourm    .   c - +0 shield
rNeg     + . .     Faith    .   b - +0 scale mail
rPois    +         Spirit   .   F - +0 hat {SInv}
rElec    .         Reflect  .   y - +2 ratskin cloak {+Rats rPois rN+ Str-1 Int-1 Dex+1}
rCorr    .         Harm     .   m - +1 pair of gloves
MR       .....     Clarity  +   i - +2 pair of boots
Stlth    +.........             (no amulet)
HPRegen  0.28/turn              h - ring of poison resistance
MPRegen  0.15/turn              q - +3 ring of protection

@: no status effects
A: retaliatory headbutt, horns 2, iridescent scales 1, thin skeletal structure
1, clarity, subdued magic 1
a: Heroism, Finesse, Renounce Religion, Evoke Ratskin


You were in a volcano.
You worshipped Okawaru.
Okawaru was exalted by your worship.
You were not hungry.

You visited 3 branches of the dungeon, and saw 15 of its levels.
You also visited: Volcano.

You collected 783 gold pieces.

Inventory:

Hand Weapons
 a - a +3 war axe (weapon)
 t - the +9 dagger of the Pharaoh's Fist {pierce, rF+ Int+4 Dex-5}
   (You took it off a gnoll sergeant on level 6 of the Dungeon)

   It inflicts extra damage upon your enemies.
   It affects your intelligence (+4).
   It affects your dexterity (-5).
   It protects you from fire.
Armour
 b - a +0 scale mail (worn)
 c - a +0 shield (worn)
 i - a +2 pair of boots (worn)
 m - a +1 pair of gloves (worn)
 u - a scarf of spirit shield
 y - the +2 ratskin cloak (worn) {+Rats rPois rN+ Str-1 Int-1 Dex+1}
   (You found it on level 7 of the Dungeon)

   It affects your strength (-1).
   It affects your intelligence (-1).
   It affects your dexterity (+1).
   It protects you from poison.
   It protects you from negative energy.
 F - a +0 hat of see invisible (worn)
Jewellery
 h - a ring of poison resistance (left hand)
 q - a +3 ring of protection (right hand)
 x - an uncursed ring of protection from cold
Wands
 n - a wand of disintegration (13)
 z - a wand of enslavement (6)
 B - a wand of digging (11)
 D - a wand of acid (8)
 E - a wand of polymorph (5)
 G - a wand of paralysis (8)
Scrolls
 e - a scroll of enchant armour
 k - 4 scrolls of remove curse
 o - a scroll of blinking
 r - 7 scrolls of teleportation
 v - 2 scrolls of identify
 A - a scroll of fog
 C - a scroll of enchant weapon
Potions
 d - 6 potions of might
 g - 3 potions of flight
 j - 2 potions of curing
 l - 2 potions of heal wounds
 p - 3 potions of haste
 s - a potion of berserk rage
 w - a potion of cancellation
 H - a potion of lignification {unknown}
Comestibles
 f - 18 rations


   Skills:
 + Level 12.2 Fighting
 + Level 11.9 Axes
 + Level 12.1 Armour
 + Level 12.1 Shields
 + Level 7.8 Invocations


You had 11 spell levels left.
You didn't know any spells.
Your spell library contained the following spells:

 Spells                   Type           Power        Failure   Level  Hunger
 Apportation              Tloc           #.....       83%         1    ##.....
 Summon Butterflies       Summ           #.......     83%         1    ##.....
 Summon Small Mammal      Summ           #...         83%         1    ##.....
 Call Imp                 Summ           #.......     93%         2    ###....
 Call Canine Familiar     Summ           #.......     99%         3    ####...
 Lesser Beckoning         Tloc           #.........   99%         3    ####...
 Summon Guardian Golem    Hex/Summ       #.......     99%         3    ####...
 Tukima's Dance           Hex            #.......     99%         3    ####...
 Summon Ice Beast         Ice/Summ       #.......     100%        4    #####..
 Summon Lightning Spire   Summ/Air       #.......     100%        4    #####..
 Alistair's Intoxication  Tmut/Pois      #.......     100%        5    ######.
 Invisibility             Hex            #.......     100%        6    #######


Dungeon Overview and Level Annotations

Branches:
Dungeon (11/15)            Temple (1/1) D:4            Lair (3/6) D:11
    Orc (0/2) D:11
  Swamp: Lair:2-4    Shoals: Lair:2-4     Snake: Lair:2-4    Spider: Lair:2-4

Altars:
Ashenzari
Cheibriados
Dithmenos
Elyvilon
Fedhas
Gozag
Hepliaklqana
Kikubaaqudgha
Makhleb
Nemelex Xobeh
Okawaru
Qazlal
Ru
Sif Muna
Trog
Uskayaw
Vehumet
Wu Jian
Xom
Yredelemnul
Zin
The Shining One

Shops:
D:5 }

Portals:
Trove: D:11 (show slimy rune of Zot)

Annotations:
D:7 exclusion: oklob plant


Innate Abilities, Weirdness & Mutations

You reflexively headbutt those who attack you in melee.
You have a pair of horns on your head.
You are partially covered in iridescent scales. (AC +2)
You have a somewhat thin skeletal structure. (Dex +2, Stealth)
You possess an exceptional clarity of mind.
Your spells are a little easier to cast, but a little less powerful.


Message History

* * * LOW HITPOINT WARNING * * *
You slash the red ugly thing! You headbutt the red ugly thing!
The red ugly thing is severely wounded.
The red ugly thing headbutts you.
* * * LOW HITPOINT WARNING * * *
You are engulfed in flames!
* * * LOW HITPOINT WARNING * * *
You closely miss the red ugly thing.
Your headbutt misses the red ugly thing.
The red ugly thing is severely wounded.
The red ugly thing headbutts you but does no damage.
You slash the red ugly thing! You headbutt the red ugly thing!
The red ugly thing is almost dead.
You block the red ugly thing's attack.
You completely miss the red ugly thing.
Your headbutt misses the red ugly thing.
The red ugly thing is almost dead.
The smoke demon gestures at you. Something smites you!
You die...

§≈§○ §≈ ≈○≈ ≈ § ####### +.....+
.8_8. h3. #u# #@# #.§§≈≈≈≈○ #.#
#.§§§§≈≈§ #.# #..≈§§§≈≈ #.#
#§§≈≈≈§°○ #.# #.§≈§§°§≈ #.#
#..≈≈§§≈≈ #####'########.§≈≈§§§≈
§ ................§.§≈§...
§≈≈≈≈≈§≈≈.≈.≈≈§§≈≈≈.§.≈≈.§§≈§§≈≈≈


You could see a red ugly thing, a smoke demon and a hell hound.

Vanquished Creatures
  Harold (D:8)
  A hydra (D:11)
  A centaur warrior (D:11)
  3 two-headed ogres
  An ugly thing (Volcano)
  A cyclops (D:11)
  A black mamba (Lair:2)
  2 gargoyles
  3 spiny frogs
  4 komodo dragons
  2 trolls (D:11)
  9 blink frogs (Lair:1)
  7 hippogriffs
  2 wyverns
  A human (D:8)
  4 hogs (D:8)
  A fire bat (Volcano)
  A basilisk (Lair:2)
  2 wargs (D:11)
  2 hungry ghosts
  Edmund (D:5)
  8 water moccasins
  Duvessa (D:6)
  2 porcupines (Lair:1)
  6 orc warriors
  3 sky beasts
  An eye of draining (D:11)
  A swamp drake (Lair:2)
  4 ice beasts
  2 necrophages (D:8)
  2 phantoms
  6 ogres
  9 centaurs
  3 crocodiles
  Blork the orc (D:4)
  4 big kobolds (D:11)
  12 bullfrogs
  An elf zombie (D:8)
  5 gnoll sergeants
  A wyvern skeleton (D:11)
  8 scorpions
  Dowan (D:6)
  A troll zombie (D:8)
  10 killer bees
  5 wights (D:6)
  A troll skeleton (D:8)
  6 howler monkeys
  5 crimson imps
  A centaur zombie (D:6)
  4 lava snakes (Volcano)
  3 human zombies (D:8)
  3 jellies
  2 bullfrog zombies
  7 hounds
  3 orc priests
  A bullfrog skeleton (D:9)
  3 iguanas
  13 orc wizards
  A hell rat (D:7)
  5 worker ants
  A killer bee zombie (D:6)
  An ogre zombie (D:8)
  3 mummies (D:8)
  2 worker ant zombies
  A howler monkey zombie (D:5)
  7 adders
  5 gnolls
  6 river rats (D:7)
  6 shadow imps
  3 adder zombies
  3 worms
  A dart slug (D:1)
  6 leopard geckos
  51 orcs
  6 giant cockroaches
  4 goblins
  6 hobgoblins
  13 jackals
  10 kobolds
  5 quokkas
  A ball python (D:3)
  6 bats
  6 frilled lizards
  A leopard gecko skeleton (D:8)
  A quokka skeleton (D:6)
  21 rats
  A fungus (Lair:2)
  A plant (Lair:2)
383 creatures vanquished.

Notes
Turn   | Place    | Note
-------+----------+-------------------------------------------
     0 | D:1      | DasRunzen the Minotaur Fighter began the quest for the Orb.
     0 | D:1      | Reached XP level 1. HP: 19/19 MP: 0/0
     3 | D:1      | Noticed an electric eel
     3 | D:1      | Noticed an electric eel
   206 | D:1      | Reached XP level 2. HP: 27/27 MP: 1/1
   893 | D:2      | Found a shadowy altar of Dithmenos.
   897 | D:2      | Reached XP level 3. HP: 27/33 MP: 2/2
  1306 | D:2      | Reached XP level 4. HP: 30/41 MP: 3/3
  1657 | D:3      | Found an ornate altar of the Wu Jian Council.
  1753 | D:3      | Gained mutation: You possess an exceptional clarity of
                  | mind. [potion of mutation]
  1753 | D:3      | Gained mutation: Your spells are a little easier to cast,
                  | but a little less powerful. [potion of mutation]
  1753 | D:3      | Gained mutation: You are partially covered in iridescent
                  | scales. (AC +2) [potion of mutation]
  1753 | D:3      | Gained mutation: You have a somewhat thin skeletal
                  | structure. (Dex +2, Stealth) [potion of mutation]
  1914 | D:3      | Reached XP level 5. HP: 20/47 MP: 4/4
  2508 | D:4      | Found a shimmering blue altar of Sif Muna.
  2508 | D:4      | Noticed a phantom
  2522 | D:4      | Killed a phantom
  2522 | D:4      | Reached skill level 5 in Fighting
  2522 | D:4      | Reached skill level 5 in Armour
  2522 | D:4      | Reached skill level 5 in Shields
  2609 | D:4      | Noticed Blork the orc
  2616 | D:4      | Killed Blork the orc
  2616 | D:4      | Reached XP level 6. HP: 46/56 MP: 5/5
  2699 | D:4      | Found a staircase to the Ecumenical Temple.
  2725 | Temple   | Entered the Ecumenical Temple
  2776 | Temple   | Became a worshipper of Warmaster Okawaru
  2889 | D:4      | Noticed a wyvern
  2897 | D:4      | Killed a wyvern
  2897 | D:4      | Reached skill level 5 in Axes
  2897 | D:4      | Reached XP level 7. HP: 46/62 MP: 6/6
  3091 | D:5      | Entered Level 5 of the Dungeon
  3367 | D:5      | Reached * piety under Okawaru
  3418 | D:5      | Noticed Edmund
  3437 | D:5      | Killed Edmund
  3704 | D:5      | Reached XP level 8. HP: 64/71 MP: 7/7
  3777 | D:5      | Found Tedwat's Gadget Emporium.
  4148 | D:6      | Noticed Duvessa
  4148 | D:6      | Noticed Dowan
  4159 | D:6      | Killed Dowan
  4160 | D:6      | Killed Duvessa
  4164 | D:6      | Reached ** piety under Okawaru
  4175 | D:6      | Found a shattered altar of Ashenzari.
  4401 | D:6      | Identified the +9 dagger of the Pharaoh's Fist {pierce, rF+
                  | Int+4 Dex-5}
  4478 | D:6      | Reached XP level 9. HP: 54/81 MP: 8/8
  5150 | D:6      | Found an opulent altar of Gozag.
  5150 | D:6      | Found a glowing silver altar of Zin.
  5280 | D:7      | Reached skill level 1 in Invocations
  5289 | D:7      | Reached *** piety under Okawaru
  5674 | D:7      | Found the +2 ratskin cloak {+Rats rPois rN+ Str-1 Int-1
                  | Dex+1}
  5741 | D:7      | Noticed an oklob plant
  5902 | D:7      | Found a sparkling altar of Nemelex Xobeh.
  6146 | D:8      | Found a sacrificial altar of Ru.
  6148 | D:8      | Found a shimmering altar of Xom.
  6235 | D:8      | Reached **** piety under Okawaru
  6290 | D:8      | Noticed Harold
  6307 | D:8      | Killed Harold
  6307 | D:8      | Reached XP level 10. HP: 80/91 MP: 11/11
  6373 | D:8      | Found Parcheod's Jewellery Shop.
  6409 | D:8      | Reached ***** piety under Okawaru
  6486 | D:8      | Found an ancient bone altar of Kikubaaqudgha.
  6874 | D:9      | Found a burning altar of Makhleb.
  6934 | D:9      | Reached skill level 10 in Shields
  7012 | D:9      | Reached skill level 10 in Fighting
  7032 | D:9      | Reached skill level 10 in Armour
  7211 | D:10     | Entered Level 10 of the Dungeon
  7292 | D:10     | Noticed a two-headed ogre
  7310 | D:10     | Killed a two-headed ogre
  7310 | D:10     | Received a gift from Okawaru
  7310 | D:10     | Reached skill level 5 in Invocations
  7314 | D:10     | Reached skill level 10 in Axes
  7314 | D:10     | Reached XP level 11. HP: 73/101 MP: 13/13
  8119 | D:11     | Noticed a centaur warrior
  8132 | D:11     | Killed a centaur warrior
  8156 | D:11     | Noticed a two-headed ogre
  8169 | D:11     | Killed a two-headed ogre
  8568 | D:11     | Found a portal to a secret trove of treasure.
  8618 | D:11     | Noticed a seven-headed hydra
  8631 | D:11     | Killed a seven-headed hydra
  8965 | D:11     | Found a staircase to the Lair.
  8998 | D:11     | Received a gift from Okawaru
  9044 | D:11     | Found a staircase to the Orcish Mines.
  9386 | D:11     | Noticed a two-headed ogre
  9394 | D:11     | Killed a two-headed ogre
  9462 | D:11     | Reached XP level 12. HP: 94/110 MP: 16/16
  9744 | Lair:1   | Entered Level 1 of the Lair of Beasts
 11968 | Lair:3   | Found a dark tunnel.
 11977 | Volcano  | Entered a volcano
 12329 | Volcano  | Found a burning altar of Makhleb.
 12344 | Volcano  | Reached ****** piety under Okawaru
 12351 | Volcano  | Killed from afar by a smoke demon

Levels and vault maps discovered:
D:1:      arrival_aquarium_b, layout_loops_corners
D:2:      layout_loops_ring, grunt_dithmenos_smoke, nicolae_underground_beach
D:3:      layout_basic, overflow_temple_1_default
D:4:      layout_rooms, overflow_temple_1_default, minmay_temple_entry_slanted,
          first_ration, uniq_blork_the_orc
D:5:      layout_basic, serial_shops, nicolae_shop_waterfront,
          kennysheep_opposing_triangles, uniq_edmund
D:6:      layout_loops_ring, grunt_temple_overflow_gold_and_silver,
          evilmike_ruin_ashenzari, uniq_duvessa
D:7:      wander_guarded_unrand_ratskin, layout_basic, lemuel_oklob_altar
D:8:      layout_basic, chequers_temple_overflow_statue_of_worship,
          lemuel_mausoleum_altar_kikubaaqudgha, serial_shops, shop,
          grunt_livestock, st_stairs_8, uniq_harold
D:9:      layout_cave_pools, makhleb_heckhound_becter
D:10:     minmay_angry_zag, layout_basic
D:11:     layout_irregular_city, erik_lair_orcish_takeover,
          kennysheep_orc_monster_closet_entryway, enter_trove_3
Temple:   nicolae_temple_hex_pool
Lair:1:   layout_regular_city, infiniplex_staircase_pool_2, grunt_megastairs_3
Lair:2:   layout_long_grid, hibernation_bobbens
Lair:3:   wad_woods_minihive, layout_misc_corridors, minmay_shoals_entry_beasts,
          nicolae_volcano_entry_vermiform, minmay_holes, uniq_sonja
Volcano:  volcano_lake [vl_original]

Skill      XL: |  1  2  3  4  5  6  7  8  9 10 11 12 |
---------------+-------------------------------------+-----
Armour         | 4 5 6 7 9 10 11 12 | 12.1
Fighting       | 4 5 6 7 9 10 11 12 | 12.2
Shields        | 4 5 6 7 9 10 11 12 | 12.1
Axes           | 3 4 5 6 7 9 10 11 | 11.9
Invocations    | 3 5 6 7 |  7.8

Action                   |  1- 3 |  4- 6 |  7- 9 | 10-12 || total
-------------------------+-------+-------+-------+-------++-------
Melee: War axe           |    95 |   117 |   301 |   649 ||  1162
       Headbutt          |    12 |    23 |    67 |   176 ||   278
       Dagger            |       |       |       |    29 ||    29
  Use: Scroll            |     8 |     7 |     4 |     6 ||    25
       Potion            |       |     1 |       |       ||     1
  Eat: Chunk             |     1 |     6 |     7 |    16 ||    30
       Ration            |       |       |     1 |     3 ||     4
Armor: Scale mail        |    46 |    42 |   125 |   324 ||   537
Dodge: Dodged            |    35 |    32 |    92 |   205 ||   364
Block: Shield            |    58 |    60 |   198 |   458 ||   774

Table legend:
 A = Non-vault XP
 B = Vault XP
 C = Vault XP percentage of total XP
 D = Non-vault monster count
 E = Vault monster count
 F = Vault count percentage of total count
                 A         B        C        D         E       F
            +---------+---------+-------+---------+---------+-------
      Total |   24132 |    7200 |  23.0 |     297 |      84 |  22.0
            +---------+---------+-------+---------+---------+-------
        D:1 |      29 |       0 |   0.0 |      18 |       0 |   0.0
        D:2 |     104 |       0 |   0.0 |      24 |       0 |   0.0
        D:3 |      98 |       0 |   0.0 |      21 |       0 |   0.0
        D:4 |     599 |     103 |  14.7 |      13 |       1 |   7.1
        D:5 |     423 |     174 |  29.1 |      14 |       2 |  12.5
        D:6 |    1495 |     214 |  12.5 |      37 |       2 |   5.1
        D:7 |    1323 |     129 |   8.9 |      28 |      21 |  42.9
        D:8 |    1081 |    2672 |  71.2 |      23 |      18 |  43.9
        D:9 |     765 |      43 |   5.3 |      12 |       1 |   7.7
       D:10 |    2845 |     672 |  19.1 |      32 |       5 |  13.5
       D:11 |    7442 |    1972 |  20.9 |      40 |      26 |  39.4
     Lair:1 |    4888 |     157 |   3.1 |      23 |       1 |   4.2
     Lair:2 |    2973 |     130 |   4.2 |      11 |       1 |   8.3
     Lair:3 |      67 |       0 |   0.0 |       1 |       0 |   0.0
    Volcano |       0 |     934 | 100.0 |       0 |       6 | 100.0
            +---------+---------+-------+---------+---------+-------
